 Dungeon Crawl Stone Soup version 0.32-a0-361-g289a535e89 (webtiles) character file.

Game seed: 7033429776705263631

512 ytrimaz the Chopper (level 7, -1/52 HPs)
             Began as a Coglin Fighter on Feb 19, 2024.
             Succumbed to a scorpion's poison
             ... on level 4 of the Dungeon.
             The game lasted 00:03:14 (2580 turns).

ytrimaz the Chopper (Coglin Fighter)                Turns: 2580, Time: 00:03:14

Health: -1/52      AC:  9    Str: 19 (21) XL:     7   Next: 19%
Magic:  7/7        EV:  9    Int:  2 (4)  God:
Gold:   282        SH:  0    Dex: 10 (13) Spells: 6/6 levels left

rFire   . . .        a - +1 war axe (protect) {Ingwe}
rCold   . . .        d - +0 hand axe {Fernando}
rNeg    . . .        b - +0 scale mail
rPois   .            (no helmet)
rElec   .            (no cloak)
rCorr   .            (no gloves)
SInv    .            k - +1 pair of boots of Prudence {Rampage Str+4 Int-3}
Will    .....        (no amulet) Stlth
                     (no ring)
HPRegen 0.28/turn    (no ring)
MPRegen 0.10/turn

%: rampage
@: lethally poisoned (-1 -> -14), hasted, revved, stiff-legged, very slow
A: off-hand wielding, slow wielding, warmup strikes, warmup strides, mutation
resistance 1, weak 1
a: no special abilities


You were on level 4 of the Dungeon.
You visited 1 branch of the dungeon, and saw 4 of its levels.

You collected 282 gold pieces.


Innate Abilities, Weirdness & Mutations

You can wield a second weapon in your off-hand.
It takes a long time for you to wield or remove held weapons.
Your first few attacks do less damage.
Your first movements take longer.
You are somewhat resistant to further mutation.
You are weak. (Str -2)


   Skills:
 - Level 3.0 Fighting
 + Level 5.5 Axes
 + Level 5.4 Armour
 - Level 2.1 Shields


You had 6 spell levels left.
You didn't know any spells.
Your spell library contained the following spells:

 Spells                   Type           Power      Damage    Failure   Level
 Static Discharge         Conj/Air       0%         3-3/arc   95%         2
 Tukima's Dance           Hex            0%         N/A       99%         3
 Airstrike                Air            0%         2d(0-16)  100%        4
 Passage of Golubria      Tloc           0%         N/A       100%        4
 Summon Lightning Spire   Summ/Air       0%         N/A       100%        4
 Yara's Violent Unravell  Hex/Alch       0%         3d3       100%        5

Inventory:

Hand Weapons
 a - a +1 war axe of protection (weapon) {Ingwe}
 d - a +0 hand axe (worn) {Fernando}
   (You took it off an orc on level 3 of the Dungeon)
Armour
 b - a +0 scale mail (worn)
 c - a +0 buckler
 k - the +1 pair of boots of Prudence (worn) {Rampage Str+4 Int-3}
   (You found it on level 3 of the Dungeon)

   Str+4:     It affects your strength (+4).
   Int-3:     It affects your intelligence (-3).
   Rampage:   It bestows one free step when moving towards enemies.
Jewellery
 e - a ring of ice
   (You found it on level 4 of the Dungeon)
 m - an amulet of guardian spirit
   (You took it off a goblin on level 4 of the Dungeon)
Scrolls
 f - a scroll of revelation
 h - a scroll of amnesia
 l - a scroll of teleportation
 n - a scroll of enchant armour {unknown}
Potions
 g - 2 potions of degeneration

Dungeon Overview and Level Annotations

Branches:
Dungeon (4/15) Zot: 21218
 Temple: D:4-7

Altars:

Annotations:
D:3 3 runed translucent doors, Azoth's ghost, amateur KoHu; Biggs's ghost, amateur CoGl; LobsterGuardian's ghost, amateur MiGl; Savior361's ghost, amateur CoFi

## ....## .###
?...s .#.##...#
..#.$..# ###
#.#..#.###..
####.#.....##.#
#...........#[#
#.####s#...##.#
#@##.###.#
#.######.##
#.........#
########..######.
#.........
#..###### ##.#
#†# #.#


You could see a scorpion.


Message History

You feel sick.
The scorpion stings you but does no damage.
The ribbon worm bites you but does no damage.
The scorpion stings you but does no damage. 😨 HP[-1]
You take 1 damage, and now have 17/52 hp.
You slash the scorpion with your +1 war axe of protection!
You kill the scorpion!
You hit the kobold but do no damage.
You completely miss the ribbon worm with your +1 war axe of protection.
You hit the ribbon worm but do no damage.
You hit the kobold but do no damage.
You feel sick. The kobold barely misses you.
The ribbon worm bites you but does no damage. 😨 HP[-1]
You take 1 damage, and now have 16/52 hp.
Unknown command.
You hit the kobold with your +1 war axe of protection.
You kill the kobold!
You hit the ribbon worm with your +1 war axe of protection.
You hit the ribbon worm but do no damage.
You feel sick.
You are no longer poisoned.
A scorpion comes into view.
The ribbon worm bites you but does no damage.
Unknown command.
The ribbon worm expels a string of sticky webbing.
The stream of webbing hits you but does no damage.
You are caught in a web!
There is a web here.
Things that are here:
a +0 dagger; 4 stones; a wand of roots (10)
The web tears apart. 😨 HP[+1]
The ribbon worm bites you.
* * * LOW HITPOINT WARNING * * *
😨 HP[-2]
You take 2 damage, and now have 15/52 hp.
Unknown command.
You hit the ribbon worm with your +1 war axe of protection.
Your weapon exudes an aura of protection.
You hit the ribbon worm with your +0 hand axe.
The ribbon worm expels a string of sticky webbing.
The stream of webbing hits you but does no damage.
You are caught in a web! 😨 HP[+1]
The web tears apart.
The ribbon worm bites you but does no damage.
Unknown command.
You hit the ribbon worm but do no damage.
You barely miss the ribbon worm with your +1 war axe of protection.
You slash the ribbon worm with your +0 hand axe!
You kill the ribbon worm!
The scorpion barely misses you.
You feel your strength returning.
Unknown command.
You hit the scorpion with your +0 hand axe.
You slash the scorpion with your +1 war axe of protection!
Your weapon exudes an aura of protection.
The scorpion stings you but does no damage. 😨 HP[+1]
You barely miss the scorpion with your +1 war axe of protection.
You hit the scorpion but do no damage.
The scorpion stings you but does no damage.
Unknown command.
You closely miss the scorpion with your +0 hand axe.
You barely miss the scorpion with your +1 war axe of protection.
The scorpion stings you.
* * * LOW HITPOINT WARNING * * *
You are poisoned.
The scorpion poisons you! The scorpion stings you.
* * * LOW HITPOINT WARNING * * *
You are lethally poisoned!
The scorpion poisons you! 😨 HP[-3]
You take 3 damage, and now have 14/52 hp.
Unknown command.
It was a potion of haste.
You feel yourself speed up.
* * * LOW HITPOINT WARNING * * *
You feel very sick. The scorpion stings you.
* * * LOW HITPOINT WARNING * * *
😱 HP[-7]
You take 7 damage, and now have 7/52 hp.
It was a potion of mutation.
You feel extremely strange.
You feel genetically stable.
You feel weaker.
* * * LOW HITPOINT WARNING * * *
You feel very sick.
The scorpion stings you but does no damage. 😱 HP[-3]
You take 3 damage, and now have 4/52 hp.
You barely miss the scorpion with your +0 hand axe.
You barely miss the scorpion with your +1 war axe of protection.
* * * LOW HITPOINT WARNING * * *
You feel very sick. 😱 HP[-3]
You take 3 damage, and now have 1/52 hp.
You hit the scorpion but do no damage.
You closely miss the scorpion with your +1 war axe of protection.
You die...

Skill      XL: |  1  2  3  4  5  6 |
---------------+-------------------+-----
Armour         | 3 4 5 |  5.4
Axes           | 3 4 5 |  5.5
Fighting       | |  3.0
Shields        | |  2.1

Action                     |  1- 3 |  4- 6 |  7- 9 || total
---------------------------+-------+-------+-------++-------
  Melee: War axe           |    82 |    97 |    18 ||   197
         Hand axe          |       |    42 |    16 ||    58
    Use: Scroll            |       |     9 |       ||     9
         Potion            |       |     1 |     3 ||     4
 Armour: Scale mail        |    74 |    78 |    31 ||   183
  Dodge: Dodged            |    68 |    51 |     9 ||   128
  Block: Buckler           |    34 |    10 |       ||    44

Levels and vault maps discovered:
D:1:      minmay_arrival_shoal_huts, layout_loops_ring
D:2:      layout_loops_ring, uniq_sigmund
D:3:      layout_basic, shapermc_ecumenical_altar_ellora,
          gammafunk_ghost_cemetery
D:4:      layout_loops_ring, minmay_gold_behind_fungi, st_stairs_7

Notes
Turn   | Place    | Note
-------+----------+-------------------------------------------
     0 | D:1      | ytrimaz the Coglin Fighter began the quest for the Orb.
     0 | D:1      | Reached XP level 1. HP: 18/18 MP: 1/1
     0 | D:1      | magus.rc [v1.9.6]
    14 | D:1      | Reached skill level 3 in Armour
    14 | D:1      | Reached XP level 2. HP: 18/24 MP: 2/2
    92 | D:1      | Reached XP level 3. HP: 29/29 MP: 3/3
   262 | D:1      | Reached skill level 3 in Axes
   642 | D:1      | Reached XP level 4. HP: 35/35 MP: 4/4
  1201 | D:2      | Noticed Sigmund
  1215 | D:2      | Killed Sigmund
  1216 | D:2      | Reached skill level 4 in Axes
  1216 | D:2      | Reached skill level 4 in Armour
  1216 | D:2      | Reached XP level 5. HP: 25/41 MP: 5/5
  1216 | D:2      | Reached XP level 6. HP: 29/47 MP: 6/6
  1585 | D:3      | Identified the +1 pair of boots of Prudence {Rampage Str+4
                  | Int-3}
  1597 | D:3      | You pick up a book of Storms and begin reading...
  1597 | D:3      | You add the spells Static Discharge, Airstrike and Summon
                  | Lightning Spire to your library.
  1789 | D:3      | Found a runed translucent gate.
  1789 | D:3      | Found a runed translucent gate.
  1790 | D:3      | Found a runed translucent gate.
  1791 | D:3      | Noticed Azoth's ghost (amateur KoHu)
  1791 | D:3      | Noticed Savior361's ghost (amateur CoFi)
  1792 | D:3      | Noticed Biggs's ghost (amateur CoGl)
  1794 | D:3      | Noticed LobsterGuardian's ghost (amateur MiGl)
  1942 | D:3      | Found a faded altar of an unknown god.
  1960 | D:3      | You add the spells Tukima's Dance, Passage of Golubria and
                  | Yara's Violent Unravelling to your library.
  2450 | D:4      | Reached skill level 5 in Axes
  2450 | D:4      | Reached skill level 5 in Armour
  2522 | D:4      | Reached XP level 7. HP: 52/52 MP: 7/7
  2577 | D:4      | HP: 9/52 [poisoned by a scorpion]
  2578 | D:4      | Gained mutation: You are somewhat resistant to further
                  | mutation. [potion of mutation]
  2578 | D:4      | Gained mutation: You are weak. (Str -2) [potion of
                  | mutation]
  2578 | D:4      | HP: 4/52 [poisoned by a scorpion]
  2579 | D:4      | HP: 1/52 [poisoned by a scorpion]
  2580 | D:4      | Succumbed to a scorpion's poison

Vanquished Creatures
  Sigmund (D:2)
  2 scorpions (D:4)
  A sleepcap (D:4)
  An iguana (D:4)
  5 adders
  2 ribbon worms
  7 orcs
  5 endoplasms
  4 giant cockroaches
  6 goblins
  5 hobgoblins
  4 jackals (D:1)
  2 quokkas
  9 ball pythons
  6 bats
  5 frilled lizards
  5 kobolds
  10 rats
80 creatures vanquished.

Table legend:
 A = Non-vault XP
 B = Vault XP
 C = Vault XP percentage of total XP
 D = Non-vault monster count
 E = Vault monster count
 F = Vault count percentage of total count
                 A         B        C        D         E       F
            +---------+---------+-------+---------+---------+-------
      Total |     517 |     215 |  29.4 |      79 |       1 |   1.2
            +---------+---------+-------+---------+---------+-------
        D:1 |      84 |       0 |   0.0 |      33 |       0 |   0.0
        D:2 |      66 |     215 |  76.5 |      15 |       1 |   6.2
        D:3 |      34 |       0 |   0.0 |      12 |       0 |   0.0
        D:4 |     333 |       0 |   0.0 |      19 |       0 |   0.0
            +---------+---------+-------+---------+---------+-------

Skill      XL: |  1  2  3  4  5  6 |
---------------+-------------------+-----
Armour         | 3 4 5 |  5.4
Axes           | 3 4 5 |  5.5
Fighting       | |  3.0
Shields        | |  2.1

Action                     |  1- 3 |  4- 6 |  7- 9 || total
---------------------------+-------+-------+-------++-------
  Melee: War axe           |    82 |    97 |    18 ||   197
         Hand axe          |       |    42 |    16 ||    58
    Use: Scroll            |       |     9 |       ||     9
         Potion            |       |     1 |     3 ||     4
 Armour: Scale mail        |    74 |    78 |    31 ||   183
  Dodge: Dodged            |    68 |    51 |     9 ||   128
  Block: Buckler           |    34 |    10 |       ||    44

Illustrated notes

Table legend:
 A = Kills in this place as a percentage of kills in the entire game.
 B = Kills by you in this place as a percentage of kills by you in the entire game.
 C = Kills by friends in this place as a percentage of kills by friends in the entire game.
 D = Other kills in this place as a percentage of other kills in the entire game.
 E = Experience gained in this place as a percentage of experience gained in the entire game.
 F = Experience gained in this place divided by the number of levels of this place that you have seen.
                   A       B       C       D       E      F
               +-------+-------+-------+-------+-------+----------------------
         Total | 100.0 | 100.0 |   N/A |   N/A | 100.0 | 183.0
       Dungeon | 100.0 | 100.0 |   N/A |   N/A | 100.0 | 183.0
               +-------+-------+-------+-------+-------+----------------------

Table legend: (Time is in decaauts)
 A = Elapsed time spent in this place.
 B = Non-inter-level travel time spent in this place.
 C = Inter-level travel time spent in this place.
 D = Time resting spent in this place.
 E = Time spent auto-exploring this place.
 F = Levels seen in this place.
 G = Mean time per level.
                   A        B        C        D        E       F      G
               +--------+--------+--------+--------+--------+-----+--------+
         Total |   2781 |   2700 |     81 |    106 |   1929 |   4 |  695.2 |
       Dungeon |   2781 |   2700 |     81 |    106 |   1929 |   4 |  695.2 |
               +--------+--------+--------+--------+--------+-----+--------+

Top non-repeatable levels by time:
     D:3: 897 daAuts
     D:1: 896 daAuts
     D:2: 686 daAuts
     D:4: 300 daAuts
